 Dungeon Sprint DCSS version 0.31-a0-700-gf13585253f (webtiles) character file.

Game seed: 6560097753751590081

709 sircluck the Grappler (level 7, -9/81 HPs)
             Began as a Troll Berserker on Sept 7, 2023.
             Was a Priest of Trog.
             Mangled by a sun demon (12 damage)
             ... summoned by a kobold demonologist
             ... in the Dungeon (Sprint I: "Red Sonja").
             The game lasted 00:01:36 (200 turns).

sircluck the Grappler (Troll Berserker)              Turns: 200, Time: 00:01:36

Health: -9/81      AC:  4    Str: 28      XL:     7   Next: 40%
Magic:  6/6        EV: 11    Int:  3      God:    Trog [***...]
Gold:   420        SH:  0    Dex:  8 (9)  Spells: 6/6 levels left

rFire   . .          .
                       - Unarmed
rCold   . . .        (no shield)
rNeg    . . .        a - +0 animal skin
rPois   .            (helmet restricted)
rElec   .            (no cloak)
rCorr   .            (gloves unavailable)
SInv    .            (boots unavailable)
Will    .....        (no amulet)
Stlth   +            (no ring)
HPRegen 1.13/turn    (no ring)
MPRegen 0.10/turn

%: no teleportation
@: no status effects
A: large, unfitting armour, claws 3, regeneration 1, shaggy fur 1, tough skin 1
a: Renounce Religion, Berserk, Trog's Hand


You were in the Dungeon.
You worshipped Trog.
Trog was most pleased with you.
You visited 1 branch You collected 420 gold pieces.

Inventory:

Armour
 a - a +0 animal skin (worn)
Wands
 h - a wand of charming (6)
Scrolls
 i - a scroll of enchant weapon {unknown}
 j - a scroll of identify {unknown}
Potions
 b - a potion of curing
 d - a potion of haste
 e - 2 potions of magic
 f - a potion of berserk rage


   Skills:
 + Level 8.4 Fighting
 + Level 8.3 Dodging
 + Level 9.9 Unarmed Combat


You had 6 spell levels left.
You didn't know any spells.
Your spell library was empty.

Dungeon Overview and Level Annotations

Branches:
Dungeon (1/1)

Altars:
Cheibriados
Dithmenos
Elyvilon
Fedhas
Gozag
Hepliaklqana
Kikubaaqudgha
Makhleb
Nemelex Xobeh
Okawaru
Qazlal
Ru
Sif Muna
Trog
Uskayaw
Vehumet
Wu Jian
Xom
Yredelemnul
Zin
The Shining One
Jiyva
Lugonu

Shops:
D (


Innate Abilities, Weirdness & Mutations

You are too large for most types of armour.
You have claws for hands.
Your natural rate of healing is unusually fast.
You are covered in fur. (AC +1)
You have tough skin. (AC +1)


Message History

The quasit completely misses you. x2; The crimson imp blinks!
The red devil closely misses you. The sun demon hits you!
* * * LOW HITPOINT WARNING * * *
You are engulfed in flames!
* * * LOW HITPOINT WARNING * * *
The kobold demonologist casts a spell.
Blink to where?
Press: ? - help, Q - select action, (/) - cycle Dir - move target
As you read the scroll of blinking, it crumbles to dust.
Which direction?
You close the door.
You feel much better.
You open the door.
Which direction?
You close the door.
A sun demon breaks down the door.
The crimson imp blinks!
You closely miss the quasit.
The quasit is severely wounded.
The quasit closely misses you. The quasit barely misses you.
The quasit claws you but does no damage.
You closely miss the quasit.
The quasit is severely wounded.
The kobold demonologist miscasts a cantrip.
The quasit bites you but does no damage.
The quasit claws you.
The quasit claws you but does no damage.
You mangle the quasit!!
You kill the quasit!
The quasit disappears in a puff of smoke!
You mangle the sun demon!! Your claw misses the sun demon.
The sun demon is moderately wounded.
The sun demon hits you!!
* * * LOW HITPOINT WARNING * * *
You are engulfed in flames!
* * * LOW HITPOINT WARNING * * *
You mangle the sun demon!!
The sun demon is severely wounded.
The crimson imp blinks!
The sun demon hits you!
* * * LOW HITPOINT WARNING * * *
You are engulfed in flames!
You die...

##########################
#<.#..)..#.)'..#__#.K5.K5#
#..)..#..'..#.@3K.54.#.45#
#..#####'#####'#5_####455+
#..####..#...#.#### ####
#..#__####..##.#
#..#_____##'#_.+
#⌠⌠#_.∩...†..._#
####_..__##_.#'#
#_____###+#.# ####### ###


You could see a sun demon (summoned), a hellwing (summoned), 2 kobold
demonologists, an iron imp (summoned), a crimson imp (summoned) and an ufetubus
(summoned).

Vanquished Creatures
  Sigmund (D)
  A slime creature (D)
  A yak (D)
  A floating eye (D)
  An ogre (D)
  A jelly (D)
  Ijyb (D)
7 creatures vanquished.

Notes
Turn   | Place    | Note
-------+----------+-------------------------------------------
     0 | D        | sircluck the Troll Berserker began the quest for the Orb.
     0 | D        | Reached XP level 1. HP: 22/22 MP: 0/0
     1 | D        | Noticed Ijyb
    27 | D        | Killed Ijyb
    28 | D        | Reached skill level 4 in Unarmed Combat
    28 | D        | Reached XP level 2. HP: 26/32 MP: 1/1
    35 | D        | Noticed an ogre
    42 | D        | Killed an ogre
    43 | D        | Reached skill level 5 in Fighting
    43 | D        | Reached skill level 5 in Dodging
    43 | D        | Reached skill level 6 in Unarmed Combat
    43 | D        | Reached XP level 3. HP: 25/42 MP: 2/2
    43 | D        | Reached XP level 4. HP: 30/50 MP: 3/3
    58 | D        | Noticed Sigmund
    67 | D        | Killed Sigmund
    67 | D        | Reached ** piety under Trog
    68 | D        | Reached skill level 7 in Unarmed Combat
    68 | D        | Reached XP level 5. HP: 44/61 MP: 4/4
    68 | D        | Reached XP level 6. HP: 49/68 MP: 5/5
    80 | D        | Found an ornate altar of the Wu Jian Council.
    80 | D        | Found a shimmering blue altar of Sif Muna.
    82 | D        | Found a radiant altar of Vehumet.
    87 | D        | Reached skill level 8 in Unarmed Combat
   119 | D        | Found Umedyefu's Weapon Emporium.
   119 | D        | Found an ancient bone altar of Kikubaaqudgha.
   119 | D        | Found a hazy altar of Hepliaklqana.
   119 | D        | Found a hide-covered altar of Uskayaw.
   119 | D        | Found a basalt altar of Yredelemnul.
   119 | D        | Found an opulent altar of Gozag.
   119 | D        | Found a snail-covered altar of Cheibriados.
   119 | D        | Found a sacrificial altar of Ru.
   119 | D        | Found a shadowy altar of Dithmenos.
   119 | D        | Noticed a yak
   123 | D        | Killed a yak
   124 | D        | Found a stormy altar of Qazlal.
   124 | D        | Found a blossoming altar of Fedhas.
   124 | D        | Found a bloodstained altar of Trog.
   124 | D        | Found an iron altar of Okawaru.
   124 | D        | Found a glowing golden altar of the Shining One.
   124 | D        | Found a glowing silver altar of Zin.
   124 | D        | Found a white marble altar of Elyvilon.
   125 | D        | Found a sparkling altar of Nemelex Xobeh.
   144 | D        | Found a burning altar of Makhleb.
   144 | D        | Found a viscous altar of Jiyva.
   144 | D        | Found a shimmering altar of Xom.
   144 | D        | Found a corrupted altar of Lugonu.
   144 | D        | Noticed a slime creature
   152 | D        | Killed a slime creature
   152 | D        | Reached *** piety under Trog
   153 | D        | Reached skill level 9 in Unarmed Combat
   153 | D        | Reached XP level 7. HP: 52/80 MP: 6/6
   178 | D        | Noticed a kobold demonologist
   178 | D        | Noticed a kobold demonologist
   182 | D        | Paralysed by a floating eye for 4 turns
   183 | D        | Noticed a hellwing
   183 | D        | Noticed a red devil
   186 | D        | Noticed a sun demon
   190 | D        | HP: 4/81 [sun demon[a kobold demonologist] (11)]
   200 | D        | HP: 3/81 [sun demon[a kobold demonologist] (9)]
   200 | D        | Mangled by a sun demon

Illustrated notes

Levels and vault maps discovered:
D:        dungeon_sprint_1 [red_sonja_temple_1, red_sonja_temple_small_1]

Skill      XL: |  1  2  3  4  5  6 |
---------------+-------------------+-----
Fighting       | 3 5 6 8 |  8.4
Dodging        | 3 5 6 8 |  8.3
Unarmed Combat | 4 6 7 9 |  9.9

Action                     |  1- 3 |  4- 6 |  7- 9 || total
---------------------------+-------+-------+-------++-------
  Melee: Unarmed           |    17 |    20 |    12 ||    49
         Punch             |       |     2 |       ||     2
    Use: Scroll            |       |       |     1 ||     1
         Potion            |       |       |     1 ||     1
 Armour: Animal skin       |    12 |    10 |    16 ||    38
  Dodge: Dodged            |     7 |     5 |    10 ||    22

Table legend: (Time is in decaauts)
 A = Elapsed time spent in this place.
 B = Non-inter-level travel time spent in this place.
 C = Inter-level travel time spent in this place.
 D = Time resting spent in this place.
 E = Time spent auto-exploring this place.
 F = Levels seen in this place.
 G = Mean time per level.
                   A        B        C        D        E       F      G
               +--------+--------+--------+--------+--------+-----+--------+
         Total |    194 |    194 |      0 |     15 |     14 |   1 |  194.0 |
       Dungeon |    194 |    194 |      0 |     15 |     14 |   1 |  194.0 |
               +--------+--------+--------+--------+--------+-----+--------+

Top non-repeatable levels by time:
       D: 194 daAuts
